 Dungeon Crawl Stone Soup version 0.21-a0-442-g848f44b (webtiles) character file.

81 theanonym the Insei (level 4, -1/21 HPs)
             Began as a Vine Stalker Transmuter on Nov 16, 2017.
             Slain by a gnoll
             ... wielding a +0 spear
              (6 damage)
             ... on level 2 of the Dungeon.
             The game lasted 00:03:08 (1921 turns).

theanonym the Insei (Vine Stalker Transmuter)       Turns: 1921, Time: 00:03:09

Health: -1/21      AC:  2    Str: 12    XL:     4   Next: 42%
Magic:  0/9        EV: 19    Int: 14    God:
Gold:   104        SH:  0    Dex: 20    Spells: 5/9 levels left

rFire    . . .     SeeInvis .     - Unarmed
rCold    . . .     Gourm    .   (shield currently unavailable)
rNeg     . . .     Faith    .   (armour currently unavailable)
rPois    x         Spirit   +   (helmet currently unavailable)
rElec    .         Reflect  .   (cloak currently unavailable)
rCorr    .         Harm     .   (gloves currently unavailable)
MR       .....                  (boots currently unavailable)
Stlth    +++.......             (no amulet)
HPRegen  0.47/turn              l - ring of stealth {Stlth+}
MPRegen  0.11/turn              (no ring)

@: spider-form (expiring), very slightly contaminated
A: regeneration 1, magic shield, no potion heal 3, rot immunity
a: End Transformation


Innate Abilities, Weirdness & Mutations

((You have extremely sharp teeth.))
Your natural rate of healing is unusually fast.
When hurt, damage is shared between your health and your magic reserves.
((Your bite disrupts and absorbs the magic of your enemies.))
Potions cannot restore your health.
You are immune to rotting.


   Skills:
 - Level 0.8 Fighting
 - Level 1.5 Dodging
 + Level 3.7 Unarmed Combat
 + Level 3.1 Spellcasting
 + Level 2.9 Transmutations
 + Level 0.8 Poison Magic


You had 5 spell levels left.
You knew the following spells:

 Your Spells              Type           Power        Failure   Level  Hunger
q - Beastly Appendage     Tmut           ##....       17%         1    #......
s - Spider Form           Tmut/Pois      #.........   50%         3    ###....

Skill      XL: |  1  2  3 |
---------------+----------+-----
Spellcasting   | 3 |  3.1
Fighting       | |  0.8
Dodging        | |  1.5
Unarmed Combat | |  3.7
Transmutations | |  2.9
Poison Magic   | |  0.8

Action                   |  1- 3 |  4- 6 || total
-------------------------+-------+-------++-------
Melee: Unarmed           |   101 |    14 ||   115
       Bite              |    17 |       ||    17
       Kick              |     1 |       ||     1
       Headbutt          |     1 |       ||     1
 Cast: Beastly Appendage |     3 |       ||     3
       Spider Form       |     1 |     1 ||     2
  Use: Potion            |     2 |       ||     2
       Scroll            |       |     1 ||     1
 Stab: Sleeping          |     2 |     1 ||     3
  Eat: Chunk             |     2 |     1 ||     3
Armor: Robe              |    18 |     9 ||    27
       Skin              |     6 |       ||     6
Dodge: Dodged            |    67 |    28 ||    95

Inventory:

Missiles
 a - 12 arrows
Armour
 b - a +0 robe (melded)
 h - a +0 buckler
   (You found it on level 2 of the Dungeon)
 j - a +0 cloak
   (You found it on level 2 of the Dungeon)
Jewellery
 l - a ring of stealth (left front leg) {Stlth+}
   (You found it on level 2 of the Dungeon)
Scrolls
 k - a scroll of immolation {unknown}
 n - a scroll of enchant armour {unknown}
Potions
 g - a potion of heal wounds {unknown}
Books
 c - a book of Changes

   Spells                             Type                      Level
   a - Beastly Appendage              Transmutation                1
   b - Sticks to Snakes               Transmutation                2
   c - Spider Form                    Transmutation/Poison         3
   d - Ice Form                       Ice/Transmutation            4
   e - Blade Hands                    Transmutation                5
Comestibles
 d - 2 bread rations
 f - 2 royal jellies
 m - a meat ration

Dungeon Overview and Level Annotations

Branches:
Dungeon (2/15)

Altars:


You were on level 2 of the Dungeon.
You were hungry.
You were a venomous arachnid creature.
You visited 1 branch of the dungeon, and saw 2 of its levels.

You collected 104 gold pieces.


Message History

d - 2 bread rations (gained 1)
You see here a leather armour.
Found a robe.
You see here a robe.
You see here a robe.
A giant cockroach comes into view.
A giant cockroach is nearby!
A giant cockroach is nearby!
A giant cockroach is nearby!
The helpless giant cockroach fails to defend itself.
You hit the giant cockroach. The giant cockroach barely misses you.
You hit the giant cockroach.
You kill the giant cockroach!
No target in view!
You now have 104 gold pieces (gained 17).
A bat comes into view.
A bat is nearby!
A bat is nearby!
A bat is nearby!
The bat barely misses you.
You miss the bat. Your bite misses the bat. The bat closely misses you.
The bat completely misses you. The bat barely misses you.
The bat closely misses you. The bat barely misses you.
You barely miss the bat. Your bite misses the bat. The bat barely misses you.
The bat hits you but does no damage. The bat barely misses you.
No target in view!
No target in view!
No target in view!
The bat barely misses you.
The bat is too close now for your liking.
A bat is nearby!
A bat is nearby!
A bat is nearby!
A bat is nearby!
The bat hits you but does no damage. The bat closely misses you.
The bat misses you. The bat closely misses you.
The bat hits you but does no damage. The bat barely misses you.
You miss the bat. Your bite misses the bat. The bat misses you.
You barely miss the bat. The bat hits you but does no damage.
The bat closely misses you. The bat hits you but does no damage.
The bat barely misses you. The bat hits you but does no damage.
You barely miss the bat. The bat hits you but does no damage.
You barely miss the bat. Your bite misses the bat.
The bat hits you but does no damage. The bat closely misses you.
You hit the bat.
You kill the bat!
No target in view!
No target in view!
There is a stone staircase leading down here.
There is a stone staircase leading up here.
You see here a ring mail.
Key pressed, stopping explore.
You open the door. 2 jackals and a gnoll come into view.
The gnoll shouts!
The jackal barks! x2
There are monsters nearby!
There are monsters nearby!
There are monsters nearby!
You miscast Spider Form.
You are very lightly contaminated with residual magic.
Your vision is briefly tinged with green.
You are feeling hungry.
The jackal bites you but does no damage.
You now have 6/9 mp.
You turn into a venomous arachnid creature.
Your +0 robe melds into your body.
* * * LOW MAGIC WARNING * * *
The gnoll barely misses you. The jackal closely misses you.
You now have 3/9 mp.
You hit the jackal.
The jackal is poisoned.
The jackal bites you. The gnoll misses you. The jackal misses you.
You take 3 damage, and have 18/21 hp.
You hit the jackal but do no damage.
The jackal looks even sicker.
You kill the jackal!
The gnoll hits you from afar with a spear.
* * * LOW MAGIC WARNING * * *
You take 3 damage, and have 15/21 hp.
You now have 2/9 mp.
You closely miss the jackal. The gnoll barely misses you.
The jackal completely misses you.
You barely miss the jackal. The jackal misses you.
The gnoll hits you from afar with a spear!
* * * LOW HITPOINT WARNING * * *
You take 7 damage, and have 8/21 hp.
MASSIVE DAMAGE!!
You completely miss the jackal. The jackal misses you.
The gnoll hits you from afar with a spear.
* * * LOW MAGIC WARNING * * *;
* * * LOW HITPOINT WARNING * * *
The jackal misses you.
You take 4 damage, and have 4/21 hp.
You now have 1/9 mp.
Your transformation is almost over.
As you read the scroll labeled VELYGI ZASSE, it crumbles to dust.
You hear a loud clanging noise!
It was a scroll of noise.
The jackal closely misses you.
The gnoll hits you from afar with a spear!
* * * LOW MAGIC WARNING * * *
You die...

#.####.####..........# #.#
#.# ##########.## #.# ##.##
#####.......# #.###...#
+...######..# #.....#.#
#... #..# ####....# +..
#..# ####.^..###g#### #..#
#.........PhP..#####..#
#####.##...#....s.........#
#...........###....###.##.#
#.###.##.###.#.##..# #.##.#
#.# #....# ##.###..# #.##.#
#.# #.##.###### #..###.##.#
#.# #......# #.........#
#)# #.##.#.# ##.#......#
#.###.##.#.#######.##...#.#
.........(......##.###.##.#


You could see a gnoll and a jackal.

Notes
Turn   | Place    | Note
-------+----------+-------------------------------------------
     0 | D:1      | theanonym the Vine Stalker Transmuter began the quest for the Orb.
     0 | D:1      | Reached XP level 1. HP: 9/9 MP: 4/4
   319 | D:1      | Reached XP level 2. HP: 13/14 MP: 6/6
   804 | D:2      | Reached XP level 3. HP: 11/17 MP: 8/8
   806 | D:2      | HP: 8/17 [adder (1)]
  1113 | D:2      | Learned a level 3 spell: Spider Form
  1567 | D:2      | Noticed Terence
  1630 | D:2      | Killed Terence
  1630 | D:2      | Reached skill level 3 in Spellcasting
  1630 | D:2      | Gained mutation: Your natural rate of healing is unusually fast. [Vine Stalker growth]
  1630 | D:2      | Reached XP level 4. HP: 21/21 MP: 3/9
  1918 | D:2      | HP: 8/21 [gnoll/spear (8)]
  1921 | D:2      | Slain by a gnoll

Vanquished Creatures
  Terence (D:2)
  2 adders (D:2)
  A leopard gecko (D:2)
  A ball python (D:1)
  5 giant cockroaches
  6 goblins
  3 hobgoblins (D:1)
  A jackal (D:2)
  2 quokkas (D:2)
  8 bats
  A frilled lizard (D:2)
  A jackal skeleton (D:2)
  A kobold (D:1)
  A rat (D:2)
34 creatures vanquished.
